Map: Rhoskallian LE

Players

qqq

  • Race: Zerg Zerg
  • League: Platinum
  • Spawn Location: 12:00

Massa

  • Race: Terran Terran
  • League: Platinum
  • Spawn Location: 11:00

Fellows - Winner!

  • Race: Terran Terran
  • League: Diamond
  • Spawn Location: 6:00

holyu - Winner!

  • Race: Terran Terran
  • League: Platinum
  • Spawn Location: 5:00

VOD

Have the link to the VOD?

Description

Time

  • Played on: Dec. 6, 2020, 4:42 p.m.
  • Length: 24:34
Show
View Real Time Build Order
Export as new Build Order

qqq Zerg 

Build Orders: Hatch First 

Get SALT Encoding   

  12  0:00  Drone  
  13  0:09  Drone  
  14  0:29  Overlord  
  14  0:45  Hatchery  
  13  1:02  Spawning Pool  
  12  1:06  Drone  
  13  1:11  Drone  
  13  1:15  Drone  
  15  1:21  Drone  
  16  1:38  Drone  
  17  1:46  Drone  
  18  1:48  Extractor  
  18  1:50  Roach Warren  
  16  1:55  Queen  
  16  2:00  Drone  
  19  2:11  Drone x2  
  21  2:18  Queen  
  23  2:23  Drone  
  24  2:31  Roach  
  24  2:37  Roach  
  28  2:52  Overlord x2  
  28  3:10  Drone, Overlord  
  28  3:12  Drone, Roach x2  
  33  3:29  Roach  
  33  3:33  Roach  
  33  3:34  Drone x2, Roach  
  39  3:38  Extractor  
  39  3:41  Drone  
  41  3:51  Drone  
  42  4:00  Lair  
  42  4:17  Drone  
  42  4:18  Drone x2  
  45  4:25  Roach  
  45  4:26  Roach  
  45  4:28  Extractor  
  45  4:29  Drone  
  49  4:31  Hatchery  
  35  5:01  Drone x3  
  38  5:13  Drone x2  
  38  5:14  Drone x2  
  42  5:26  Drone x2  
  42  5:27  Spire  
  43  5:46  Spine Crawler  
  42  5:51  Drone x2  
  42  5:52  Drone x2  
  42  5:54  Spore Crawler  
  45  5:58  Glial Reconstitution  
  45  6:01  Drone  
  45  6:02  Drone  
  47  6:09  Spore Crawler  
  46  6:17  Roach x2  
  50  6:30  Drone x2  
  50  7:07  Overlord x6  
  50  7:12  Pneumatized Carapace  
  50  7:18  Overseer  
  50  7:21  Hatchery  
  47  7:29  Roach x2  
  49  7:44  Mutalisk  
  49  7:47  Drone x2  
  49  7:48  Drone x2  
  49  7:49  Drone  
  49  7:51  Extractor  
  55  8:01  Drone  
  55  8:02  Drone x4  
  60  8:11  Mutalisk  
  62  8:14  Roach  
  62  8:15  Drone  
  65  8:33  Mutalisk  
  67  8:35  Drone x2  
  67  8:36  Drone x2  
  67  8:39  Overlord  
  67  8:40  Mutalisk  
  73  8:42  Hatchery, Zergling x2  
  73  8:52  Spore Crawler  
  73  8:53  Spore Crawler  
  71  9:00  Drone x5  
  71  9:01  Drone  
  54  9:34  Mutalisk  
  54  9:35  Roach x3  
  54  9:36  Mutalisk x2, Roach x2  
  54  9:37  Drone  
  54  9:38  Drone x3  
  74  9:46  Mutalisk  
  76  9:57  Mutalisk  
  76  9:58  Drone x4  
  76  9:59  Drone x3  
  71  10:36  Mutalisk x3  
  71  10:37  Drone  
  71  10:38  Drone x2, Zergling x12  
  71  10:39  Zergling x4  
  71  10:40  Overseer  
  88  10:47  Extractor  
  88  10:48  Extractor  
  86  10:51  Hatchery  
  83  11:06  Corruptor x2  
  87  11:14  Roach  
  87  11:17  Metabolic Boost  
  89  11:19  Drone x7  
  94  11:47  Drone  
  94  11:48  Drone x4  
  94  11:51  Evolution Chamber  
  94  11:52  Evolution Chamber  
  97  11:58  Infestation Pit  
  97  11:59  Roach x2  
  97  12:00  Roach x4  
  104  12:03  Spine Crawler  
  104  12:06  Spine Crawler  
  104  12:07  Extractor x2  
  102  12:11  Drone x3  
  102  12:12  Drone  
  94  12:31  Roach  
  94  12:32  Roach x3  
  100  12:45  Hatchery  
  100  12:48  Mutalisk  
  100  12:50  Roach x3  
  87  13:08  Roach x4  
  86  13:30  Hive  
  86  13:31  Zerg Melee Weapons Level 1, Zerg Ground Armor Level 1  
  80  13:36  Drone x2  
  80  13:37  Drone x4  
  86  13:43  Hatchery  
  86  13:47  Hydralisk Den  
  68  14:04  Corruptor x2  
  68  14:05  Drone x2  
  68  14:06  Drone x2  
  68  14:09  Corruptor, Overlord x2  
  78  14:11  Zergling x2  
  79  14:18  Extractor  
  79  14:19  Extractor  
  79  14:23  Spine Crawler  
  76  14:25  Spine Crawler  
  76  14:27  Queen  
  77  14:36  Muscular Augments  
  77  14:41  Lurker Den  
  76  14:55  Mutalisk x2, Roach x3  
  76  14:56  Mutalisk  
  88  15:05  Roach  
  88  15:06  Roach x6  
  102  15:13  Spine Crawler  
  101  15:14  Spine Crawler  
  101  15:16  Mutalisk  
  99  15:25  Zerg Missile Weapons Level 1  
  94  15:31  Ultralisk Cavern  
  86  15:48  Hydralisk  
  86  15:49  Hydralisk x5  
  87  16:18  Ultralisk x2  
  87  16:19  Zergling x4  
  87  16:21  Drone x3  
  96  16:29  Lurker  
  96  16:32  Spore Crawler  
  96  16:33  Spore Crawler  
  96  16:35  Spine Crawler, Spore Crawler  
  93  16:45  Zerg Melee Weapons Level 2  
  93  16:46  Spore Crawler  
  92  16:48  Anabolic Synthesis  
  92  17:18  Hatchery  
  92  17:21  Seismic Spines  
  91  17:23  Zerg Missile Weapons Level 2  
  63  18:00  Ultralisk x2  
  63  18:01  Zergling x8  
  63  18:02  Drone x3  
  82  18:17  Hatchery  
  82  18:18  Adaptive Talons  
  81  18:22  Ultralisk  
  81  18:23  Hydralisk, Zergling x2  
  90  18:30  Hatchery  
  87  18:46  Ultralisk  
  87  18:48  Zergling x8  
  95  18:49  Zergling x4  
  96  19:12  Ultralisk x2  
  96  19:13  Mutalisk  
  96  19:15  Drone x3  
  113  19:25  Chitinous Plating  
  110  19:58  Drone x2  
  73  20:30  Ultralisk x3  
  73  20:31  Drone x5  
  73  20:32  Drone  
  97  20:39  Greater Spire  
  84  20:51  Hydralisk  
  84  20:52  Hydralisk x2  
  89  21:02  Drone x2  
  89  21:03  Drone, Zergling x6  
  89  21:04  Zergling x10  
  98  21:09  Hydralisk  
  99  21:20  Spine Crawler  
  99  21:22  Spine Crawler  
  65  21:57  Lurker  
  65  21:58  Hydralisk, Ultralisk x2  
  65  21:59  Hydralisk x2  
  84  22:04  Hydralisk  
  86  22:10  Drone x3  
  86  22:11  Drone x3  
  86  22:13  Extractor  
  86  22:14  Extractor  
  90  22:16  Hatchery  
  88  22:41  Spine Crawler  
  88  22:42  Spine Crawler  
  88  22:43  Spine Crawler  
  88  22:44  Spine Crawler, Spore Crawler x2  
  84  22:46  Lurker x2  
  84  22:47  Hydralisk  
  84  23:12  Lurker  
  82  23:13  Zergling x8  
  82  23:14  Zergling x10  
  82  23:15  Drone x3  
  83  23:45  Hydralisk x2, Ultralisk  
  83  23:46  Zergling x2  
  83  23:47  Zergling x4  
Show
View Real Time Build Order
Export as new Build Order

Massa Terran 

Build Orders: 1/1/1, Liberator Opening 

Get SALT Encoding   

  12  0:00  SCV  
  13  0:12  SCV  
  14  0:22  Supply Depot  
  14  0:24  SCV  
  15  0:44  SCV  
  15  0:45  Barracks  
  15  0:49  Refinery  
  16  0:56  SCV  
  17  0:58  Refinery  
  17  1:08  SCV  
  18  1:20  SCV  
  19  1:32  SCV, Marine  
  21  1:38  Factory  
  21  1:44  Orbital Command  
  21  1:51  Reaper  
  22  2:11  SCV  
  23  2:25  Command Center  
  23  2:29  Starport  
  22  2:46  Marine  
  22  2:59  Supply Depot  
  22  3:00  Hellion, Supply Depot  
  23  3:16  Supply Depot  
  23  3:20  Marine, Medivac  
  23  3:21  Hellion  
  28  3:38  Marine  
  29  3:43  Hellion  
  29  3:45  SCV  
  32  3:50  Liberator  
  35  3:56  Marine  
  35  3:57  SCV  
  36  4:14  Marine  
  36  4:15  Hellion  
  39  4:27  SCV  
  40  4:37  Hellion  
  42  4:39  SCV  
  43  4:45  Marine  
  44  5:03  Marine  
  45  5:21  Marine  
  38  5:45  Orbital Command  
  38  5:47  SCV  
  38  5:49  Marine  
  40  5:51  Medivac  
  40  5:55  Factory Tech Lab  
  42  5:59  SCV  
  43  6:07  Marine  
  43  6:11  SCV  
  45  6:21  Medivac  
  45  6:25  Marine  
  48  6:32  Command Center  
  45  6:33  Barracks x2  
  45  6:35  Barracks, Siege Tank  
  48  6:46  SCV x2  
  50  6:53  Starport Reactor  
  50  6:54  Engineering Bay  
  50  6:57  Barracks Tech Lab  
  50  6:58  SCV  
  50  6:59  SCV  
  52  7:10  SCV  
  52  7:14  SCV  
  54  7:22  Barracks  
  54  7:23  SCV  
  54  7:24  Barracks  
  54  7:26  SCV  
  56  7:35  SCV  
  51  8:12  SCV x2  
  50  8:21  Barracks Reactor x2, Barracks Tech Lab x2  
  50  8:22  Barracks Tech Lab  
  50  8:24  SCV x2, Stimpack  
  52  8:28  Siege Tank  
  52  8:32  Medivac x2  
  59  8:36  SCV x2  
  59  8:38  Starport  
  61  8:43  Terran Infantry Weapons Level 1  
  61  8:49  Engineering Bay  
  61  8:53  Refinery  
  61  8:54  Refinery  
  61  8:57  SCV x2  
  61  9:00  Siege Tank  
  61  9:01  Marauder  
  61  9:02  Marauder x3, Marine x3  
  77  9:13  Supply Depot  
  77  9:14  Supply Depot x2  
  77  9:15  Supply Depot x3  
  77  9:17  Planetary Fortress  
  77  9:34  Marine x7  
  77  9:35  SCV x2, Marine  
  77  9:37  Supply Depot  
  87  9:39  Concussive Shells  
  87  9:43  Combat Shield  
  87  9:47  SCV x2  
  87  9:52  Marine  
  89  9:53  Marauder x2  
  89  9:59  SCV x2  
  94  10:11  SCV, Siege Tank  
  94  10:13  Marauder x2, Marine x2  
  94  10:14  Marauder x2, Marine x2  
  110  10:31  Marine x2  
  110  10:34  Marauder x2  
  116  10:36  Marauder  
  116  10:39  Refinery  
  116  10:41  Refinery  
  116  10:51  Viking x2  
  116  10:55  Marauder x2, Marine x3  
  116  10:56  Command Center  
  127  11:01  Command Center  
  125  11:21  Viking  
  125  11:24  Siege Tank  
  125  11:25  Marauder, Marine  
  133  11:36  Marine  
  133  11:37  Supply Depot  
  133  11:38  Supply Depot  
  133  11:59  Marauder x2, Marine x5, Siege Tank  
  133  12:00  Marauder  
  147  12:02  Supply Depot  
  147  12:03  Supply Depot  
  143  12:14  Viking  
  143  12:15  Viking  
  145  12:16  Marine x2  
  145  12:17  Marine  
  145  12:21  Marauder x3  
  154  12:28  Supply Depot  
  154  12:31  Siege Tank, Supply Depot  
  154  12:44  Viking  
  156  12:58  Planetary Fortress, Supply Depot  
  156  12:59  Planetary Fortress  
  156  13:01  Supply Depot  
  156  13:02  SCV x2  
  156  13:03  SCV, Siege Tank  
  148  13:14  SCV  
  148  13:15  SCV x2  
  151  13:21  Supply Depot  
  151  13:26  SCV  
  151  13:27  SCV x2  
  97  13:41  Marauder x4  
  80  13:49  SCV  
  80  13:50  SCV x2  
  80  13:53  SCV x2  
  79  14:01  SCV  
  79  14:02  SCV, Marauder x2  
  86  14:03  Marauder x2  
  86  14:09  Marine x2  
  87  14:10  Marine x2  
  87  14:13  Siege Tank  
  87  14:16  SCV x2  
  95  14:17  SCV  
  95  14:22  Missile Turret  
  95  14:23  Marauder  
  104  14:24  Marauder x3  
  104  14:25  Missile Turret  
  104  14:27  Marine x3  
  104  14:28  Marine, Missile Turret  
  108  14:33  Medivac  
  108  14:34  Medivac  
  112  14:45  Marauder x4, Marine x4, Siege Tank  
  127  15:03  Marine  
  127  15:05  Marine x2  
  127  15:06  Marauder, Marine  
  127  15:07  Marauder x3  
  139  15:18  Siege Tank  
  139  15:21  Marine  
  143  15:23  Marine x3  
  143  15:25  SCV x5  
  143  15:27  Marauder, Marine  
  143  15:28  Marauder  
  156  15:29  Refinery  
  156  15:31  Refinery  
  156  15:32  Terran Infantry Armor Level 1  
  156  15:36  Armory x2  
  156  15:37  SCV x4  
  156  15:38  SCV  
  156  15:40  Medivac x2  
  165  15:49  SCV  
  138  15:50  Siege Tank  
  135  16:02  Marauder, Marine  
  135  16:03  Marauder x3  
  133  16:10  Medivac x2  
  128  16:23  Marauder  
  128  16:24  Marauder x3  
  133  16:27  SCV x3  
  133  16:28  Marine  
  133  16:29  Marine x3  
  133  16:32  Siege Tank  
  143  16:45  Marauder x4  
  143  16:46  Marine  
  152  16:47  Marine x3  
  155  17:04  Marine x2  
  155  17:06  Marauder  
  155  17:07  Marauder x3  
  161  17:23  Marine x3  
  161  17:28  Marauder x4  
  144  17:46  Viking  
  144  17:47  Viking  
  144  17:49  Marauder  
  135  18:16  Viking  
  135  18:17  Viking  
  135  18:19  Marauder x3  
  147  18:20  Marauder  
  147  18:21  Marine x4  
  151  18:33  Command Center  
  151  18:39  Marine x4  
  151  18:41  Marauder x4  
  163  18:46  Viking x2  
  160  18:56  Marine  
  160  18:57  Marine  
  160  19:01  Siege Tank  
  160  19:02  Marauder x4  
  173  19:23  Marauder x2  
  173  19:24  Marauder x2  
  181  19:33  Siege Tank  
  177  19:45  Marauder x2  
  179  19:48  Marauder x2, Marine x3  
  179  19:49  Marine, Planetary Fortress  
  187  19:53  Missile Turret  
  187  19:54  Missile Turret  
  187  19:55  Missile Turret  
  187  19:57  Viking x2  
  191  20:05  Siege Tank  
  191  20:06  Marauder x2, Marine x2  
  187  20:09  Marauder  
  187  20:10  Marauder  
  187  20:15  Missile Turret  
  172  20:27  Marauder, Medivac x2  
  135  20:37  Siege Tank  
  130  20:57  Viking, Medivac  
  134  21:09  Thor  
  133  21:27  Viking x2  
  133  21:29  Marauder, Marine  
  133  21:30  Marauder x3, Marine x3  
  139  21:47  Marine  
  139  21:48  Marine x3  
  139  21:50  Marauder  
  139  21:51  Marauder x3  
  139  21:52  Siege Tank  
  139  21:57  Viking  
  124  22:05  Marine x2  
  124  22:06  Marine x2  
  119  22:12  Marauder x4  
  121  22:23  Marine x2  
  121  22:24  Siege Tank  
  126  22:33  Marauder  
  126  22:34  Marauder x3  
  134  22:39  Marine  
  134  22:40  Marine  
  134  22:41  Marine x2  
  134  22:42  SCV x4  
  142  22:51  Refinery  
  142  22:52  Refinery  
  142  22:54  SCV  
  142  22:55  Marauder x4  
  142  22:56  Siege Tank  
  142  22:57  Marine  
  142  22:58  Marine x2  
  156  22:59  Marine  
  158  23:15  Marine  
  158  23:16  Marauder, Marine x2  
  158  23:17  Marauder x3  
  169  23:28  Siege Tank  
  172  23:37  Marauder  
  172  23:38  Marauder x3  
  180  23:50  Liberator x2  
  186  23:59  Marauder  
  186  24:00  Siege Tank  
Show
View Real Time Build Order
Export as new Build Order

Fellows Terran - Winner!

Build Orders: 1/1/1, Mech 

Get SALT Encoding   

  12  0:01  SCV  
  13  0:13  SCV  
  14  0:19  Supply Depot  
  14  0:25  SCV  
  15  0:30  Refinery  
  15  0:40  SCV  
  16  0:46  Barracks  
  16  0:52  SCV  
  17  1:04  SCV  
  18  1:17  SCV  
  19  1:37  Factory  
  19  1:38  Marine  
  20  1:40  Orbital Command  
  20  2:00  Command Center  
  20  2:02  Barracks Reactor  
  20  2:06  SCV  
  21  2:13  Supply Depot  
  21  2:25  SCV  
  21  2:28  Starport  
  22  2:37  SCV  
  23  2:46  Hellion x2  
  23  2:48  Barracks Reactor  
  23  2:49  SCV  
  28  2:52  Supply Depot  
  28  3:08  Hellion  
  28  3:12  Hellion  
  33  3:20  SCV  
  33  3:22  Orbital Command  
  33  3:28  Medivac  
  35  3:38  Barracks Tech Lab  
  35  3:42  SCV  
  36  3:49  Widow Mine  
  36  3:52  SCV  
  36  3:54  SCV  
  40  3:58  Command Center  
  40  4:04  SCV  
  41  4:19  SCV x2  
  43  4:31  SCV x2, Siege Tank  
  47  4:34  Refinery  
  47  4:35  Refinery  
  48  4:43  SCV x2  
  48  4:55  SCV x2  
  46  5:07  SCV  
  46  5:09  Widow Mine  
  47  5:21  Factory  
  47  5:27  Orbital Command  
  43  5:41  SCV x2  
  45  5:43  Liberator  
  48  5:53  SCV x2  
  50  5:59  Refinery, Command Center  
  50  6:04  Armory  
  50  6:05  SCV, Engineering Bay, Supply Depot  
  50  6:11  Viking  
  51  6:14  Hellion x2  
  55  6:19  Supply Depot  
  53  6:33  SCV x2  
  53  6:34  Missile Turret  
  53  6:36  Hellion, Missile Turret  
  57  6:55  Siege Tank  
  60  7:01  Factory  
  60  7:03  Factory  
  60  7:19  Widow Mine x2  
  60  7:22  SCV x2  
  66  7:25  Orbital Command  
  66  7:27  Siege Tank  
  67  7:31  Command Center  
  65  7:40  Hellion x2  
  69  7:59  Hellion  
  67  8:10  SCV x4  
  71  8:20  Siege Tank  
  71  8:22  SCV x4  
  78  8:34  SCV  
  78  8:39  Factory  
  78  8:40  Factory Tech Lab  
  79  8:41  Factory Tech Lab  
  79  8:47  Missile Turret  
  79  8:49  Missile Turret  
  79  8:50  Missile Turret  
  79  8:52  Missile Turret x2, Siege Tank  
  82  8:56  Hellion  
  82  8:57  Hellion  
  82  8:59  Missile Turret  
  82  9:01  Missile Turret  
  86  9:04  Planetary Fortress  
  78  9:18  Hellion x2  
  78  9:22  Refinery, Armory  
  80  9:24  Siege Tank  
  80  9:35  SCV x4  
  84  9:41  Infernal Pre-Igniter  
  84  9:43  Hellion x3  
  88  9:47  SCV x3  
  91  9:52  Viking  
  91  9:53  Viking  
  91  9:54  SCV x2  
  91  9:56  Supply Depot  
  91  9:59  SCV x2  
  99  10:11  Siege Tank  
  100  10:15  Missile Turret  
  100  10:16  Neosteel Armor  
  100  10:17  Missile Turret  
  100  10:19  Supply Depot  
  100  10:21  Factory Tech Lab, Hellion x3  
  106  10:23  SCV x2  
  106  10:26  SCV  
  106  10:27  SCV x2  
  111  10:33  Missile Turret  
  109  10:39  Missile Turret  
  109  10:40  Viking x2  
  109  10:42  Supply Depot  
  113  11:05  Hellion x4, Supply Depot  
  113  11:10  Viking x2  
  125  11:15  Thor  
  131  11:28  Supply Depot  
  124  11:37  Thor  
  122  11:40  Viking  
  124  11:50  Supply Depot  
  124  11:53  Missile Turret x2  
  124  11:57  Siege Tank x2  
  124  11:58  Siege Tank  
  133  12:09  Viking  
  133  12:10  Viking  
  133  12:12  Terran Vehicle And Ship Armor Level 1  
  133  12:13  Missile Turret  
  137  12:21  Missile Turret  
  133  12:39  Siege Tank x2  
  133  12:41  Missile Turret  
  139  12:44  Missile Turret  
  139  12:52  Refinery, Hellion x2  
  139  12:53  Hellion  
  145  13:00  Command Center  
  145  13:06  Missile Turret  
  145  13:08  Missile Turret  
  145  13:09  Siege Tank  
  145  13:11  Siege Tank  
  140  13:30  Missile Turret x2  
  100  13:42  SCV  
  100  13:44  Missile Turret  
  101  13:48  Missile Turret  
  101  13:50  Missile Turret  
  101  13:51  Missile Turret  
  101  13:53  Missile Turret  
  95  13:56  Missile Turret  
  95  13:58  Siege Tank x2  
  101  14:05  Thor x2  
  101  14:08  Hellion x2  
  101  14:09  Missile Turret  
  115  14:26  Missile Turret  
  115  14:28  Missile Turret x2  
  115  14:29  Hellion x2, Thor  
  115  14:30  Siege Tank  
  125  14:48  Missile Turret, Siege Tank  
  125  14:49  Siege Tank  
  125  14:50  Hellion  
  133  15:02  Siege Tank  
  136  15:09  Planetary Fortress  
  136  15:10  Missile Turret  
  136  15:12  Missile Turret  
  136  15:13  Siege Tank  
  139  15:17  Refinery  
  139  15:20  Refinery, Thor  
  145  15:32  Missile Turret  
  145  15:34  Missile Turret  
  145  15:43  Siege Tank x2  
  145  15:45  Siege Tank  
  141  15:53  Missile Turret  
  141  15:56  Missile Turret  
  131  16:03  Siege Tank  
  134  16:15  Siege Tank x2  
  134  16:17  Siege Tank  
  131  16:31  Liberator  
  134  16:37  Fusion Core  
  134  16:47  Command Center  
  134  16:56  Starport  
  134  17:12  Liberator  
  134  17:14  Liberator  
  122  17:55  Liberator  
  122  17:57  Liberator  
  128  18:05  Starport Reactor  
  128  18:10  Refinery  
  128  18:14  Planetary Fortress  
  128  18:26  Hellion x2  
  132  18:29  Drilling Claws  
  132  18:30  Smart Servos  
  132  18:41  Missile Turret  
  132  18:43  Missile Turret x2  
  132  18:45  Viking x3  
  132  18:46  Missile Turret, Viking  
  132  18:48  Widow Mine x2  
  144  18:51  Missile Turret  
  144  18:52  Missile Turret x2  
  141  19:01  Terran Vehicle Weapons Level 1  
  141  19:09  Widow Mine x2  
  145  19:10  Refinery  
  145  19:15  Viking x3  
  149  19:19  Command Center  
  149  19:29  Advanced Ballistics  
  149  19:30  Widow Mine  
  149  19:31  Widow Mine  
  153  19:37  Viking  
  155  19:45  Viking x2  
  157  19:49  Viking  
  161  20:07  Viking  
  160  20:11  Siege Tank x3  
  146  20:27  Siege Tank  
  128  20:43  Siege Tank x2  
  128  20:48  Siege Tank  
  136  20:59  Siege Tank  
  135  21:10  Viking x4  
  143  21:33  Siege Tank  
  143  21:34  Siege Tank  
  143  21:36  Siege Tank x2  
  146  21:40  Viking  
  117  22:05  Thor  
  117  22:06  Siege Tank  
  117  22:07  Command Center  
  117  22:08  Thor, Siege Tank  
  124  22:09  Terran Vehicle And Ship Armor Level 2, Terran Vehicle Weapons Level 2  
  129  22:21  Liberator x4  
  137  22:37  Widow Mine x2  
  141  22:38  Siege Tank  
  141  22:41  Siege Tank  
  147  22:48  Siege Tank  
  150  22:51  Siege Tank  
  150  22:58  Widow Mine  
  155  23:03  Liberator  
  155  23:04  Starport, Liberator x2  
  164  23:10  Siege Tank  
  167  23:19  Viking  
  169  23:27  Refinery  
  169  23:30  Refinery  
  160  23:46  Viking  
  160  23:47  Viking  
  156  23:49  Viking x2  
  160  24:01  Siege Tank  
  163  24:06  Hellion  
Show
View Real Time Build Order
Export as new Build Order

holyu Terran - Winner!

Build Orders:  

Get SALT Encoding   

  12  0:00  SCV  
  13  0:12  SCV  
  14  0:18  Supply Depot  
  14  0:26  SCV  
  15  0:40  SCV  
  16  0:43  Barracks  
  16  0:47  Refinery  
  16  0:52  SCV  
  17  1:06  SCV  
  17  1:09  Barracks  
  18  1:18  SCV  
  19  1:31  Orbital Command  
  19  1:33  Reaper  
  20  1:41  Supply Depot  
  20  1:56  SCV  
  20  1:58  Reaper  
  22  2:08  SCV  
  22  2:09  Reaper  
  24  2:24  Bunker  
  22  2:45  Reaper  
  23  2:54  Reaper  
  24  3:11  Command Center  
  25  3:34  Reaper x2  
  25  3:52  Barracks  
  25  3:53  Barracks  
  25  4:16  SCV  
  26  4:17  Command Center  
  26  4:27  Barracks Tech Lab  
  26  4:28  Refinery, SCV  
  26  4:29  Orbital Command  
  27  4:40  SCV  
  27  4:41  Refinery  
  27  4:43  Refinery  
  28  4:53  SCV  
  27  5:05  SCV  
  26  5:14  Marine x3  
  18  5:20  SCV x2  
  19  5:30  Orbital Command  
  19  5:32  Marine x3  
  21  5:45  SCV x2  
  21  5:49  Marine  
  24  5:57  SCV  
  24  5:58  SCV x2  
  27  6:10  SCV x3  
  30  6:22  SCV x3  
  30  6:34  SCV x2  
  17  7:10  SCV x2  
  17  7:11  Orbital Command  
  19  7:22  SCV x2  
  20  7:34  SCV x2  
  20  7:45  Barracks Tech Lab x2  
  20  7:46  SCV  
  20  7:47  SCV, Stimpack  
  22  7:58  SCV  
  22  7:59  SCV  
  22  8:00  Marine  
  25  8:06  Marine x2  
  25  8:08  Refinery, Concussive Shells, Combat Shield  
  25  8:11  SCV x2  
  28  8:12  Orbital Command  
  28  8:16  Factory  
  28  8:18  Marine  
  29  8:23  SCV x2  
  29  8:24  Marine x2  
  33  8:35  SCV x2  
  33  8:36  Marine  
  36  8:42  Marine x2  
  36  8:43  SCV  
  36  8:47  SCV x2  
  41  8:54  Marine  
  42  8:55  SCV  
  42  8:59  SCV, Barracks x2  
  42  9:00  Refinery, Marauder x2  
  42  9:01  Factory Reactor  
  48  9:02  Refinery  
  48  9:04  Starport  
  48  9:06  SCV  
  48  9:08  SCV  
  50  9:11  SCV, Engineering Bay  
  50  9:12  Marauder  
  51  9:35  Marine x2  
  51  9:36  Marauder  
  55  9:47  Terran Infantry Weapons Level 1  
  55  9:49  Factory Tech Lab, Medivac x2  
  55  9:50  SCV x2  
  61  9:54  Supply Depot  
  61  9:55  Supply Depot  
  61  9:56  Engineering Bay  
  61  10:07  SCV  
  61  10:12  Armory  
  61  10:16  SCV x2, Marauder, Marine x2  
  61  10:19  SCV  
  65  10:34  Marine x2  
  67  10:37  Marine  
  68  10:46  Siege Tank  
  71  10:50  Barracks Reactor  
  71  10:51  Marine x2  
  71  10:55  Marine  
  71  10:59  Barracks Reactor  
  69  11:09  Marine x2, Command Center  
  71  11:13  Marine  
  71  11:17  Missile Turret x2  
  72  11:20  Medivac  
  74  11:27  Marine x2  
  74  11:31  Marine  
  77  12:20  SCV x2, Marine x3, Medivac x2, Siege Tank  
  77  12:21  SCV  
  77  12:38  Marine x3  
  80  12:47  Marine  
  80  12:48  Marine x3  
  84  12:53  Siege Tank  
  84  12:55  Marine  
  84  12:56  Marauder, Marine  
  82  13:05  Marine  
  83  13:14  Marauder x2  
  83  13:17  Marine  
  77  13:35  Marine x2  
  55  14:05  Marine  
  55  14:06  Marine x6  
  55  14:08  Medivac x2, Siege Tank  
  55  14:09  SCV x2  
  71  14:12  Terran Infantry Weapons Level 2  
  71  14:13  Terran Infantry Armor Level 1  
  71  14:15  SCV  
  71  14:16  Planetary Fortress  
  72  14:21  SCV x2  
  72  14:22  Refinery  
  72  14:23  Marine  
  75  14:24  Marine x6  
  75  14:27  SCV  
  82  14:33  SCV x2  
  84  14:41  Marine  
  84  14:42  Marine x5  
  90  14:50  Command Center  
  90  14:59  Marine  
  91  15:00  Marine  
  92  15:17  Marine  
  92  15:18  Marine  
  92  15:25  Marine  
  92  15:27  Marine  
  92  15:44  Marine  
  92  15:46  Marine  
  92  15:51  Marine  
  92  15:52  SCV x2  
  92  15:56  Marine  
  92  16:01  SCV, Marine x4, Medivac x2, Siege Tank  
  104  16:04  Marine  
  104  16:09  Marine  
  97  16:14  Marine  
  94  16:19  Marine x4  
  94  16:22  Marine  
  98  16:27  Marine  
  98  16:32  Marine  
  100  16:36  Marine  
  100  16:37  Marine x3  
  104  16:40  Marine  
  104  16:44  Marine  
  106  16:49  Marine  
  107  17:03  Supply Depot  
  107  17:04  Supply Depot  
  107  17:06  Supply Depot  
  107  17:07  Supply Depot  
  107  17:25  Marine x7  
  108  17:42  Marine x7  
  108  18:00  Marine x3  
  83  18:38  Marine x5  
  83  18:39  Marine x2  
  90  18:55  SCV x2  
  90  18:56  Marine x4  
  85  19:05  Marauder x3  
  89  19:13  Planetary Fortress  
  89  19:26  Marauder x2, Ghost Academy  
  89  19:27  Marauder  
  95  19:59  Ghost x3  
  95  20:01  Refinery, Marine x4  
  95  20:06  Refinery  
  105  20:19  Marine x2  
  105  20:28  Ghost x3  
  109  20:37  SCV x3  
  109  20:49  SCV x3  
  110  20:56  Ghost  
  103  21:01  SCV x3  
  107  21:15  Marauder x2, Marine x2  
  107  21:16  Marine x2  
  117  21:26  Marauder  
  117  21:33  Marine  
  117  21:36  Ghost  
  117  21:37  Marauder  
  122  21:46  Ghost  
  124  21:57  Ghost  
  126  22:04  Ghost  
  126  22:05  Marine  
  126  22:06  Marine x3  
  134  22:15  Marauder  
  133  22:23  Marine  
  133  22:26  Marauder  
  134  22:34  Marauder  
  131  22:55  Ghost x3  
  131  22:56  Marine x2  
  139  22:59  Command Center  
  139  23:02  Supply Depot x3  
  139  23:03  Supply Depot x2  
  139  23:04  Supply Depot  
  139  23:07  Barracks x2  
  139  23:23  Ghost, Marine x3  
  142  23:53  Ghost x3  
Tags
 
Add a new tag
Caveats
  • Supply blocks, unpowered buildings, or Contaminate may cause inaccurate times.
  • Supply counts are checked every 10 seconds.